 Dungeon Crawl Stone Soup version 0.27-a0-705-ga0013940fb (webtiles) character file.

Game seed: 2871606817156650584

97 jestyr24 the Conjurer (level 4, 0/30 HPs)
             Began as a Demonspawn Conjurer on Mar 22, 2021.
             Slain by an orc priest
             ... wielding a +0 club
              (5 damage)
             ... on level 3 of the Dungeon.
             The game lasted 00:11:28 (2346 turns).

jestyr24 the Conjurer (Demonspawn Conjurer)         Turns: 2346, Time: 00:11:28

Health: 0/30       AC:  4    Str:  8    XL:     4   Next: 42%
Magic:  1/7        EV: 12    Int: 20    God:
Gold:   82         SH:  0    Dex: 11    Spells: 5/8 levels left

rFire    . . .     SeeInvis .   e - +0 dagger
rCold    . . .     Faith    .   (no shield)
rNeg     . . .     Spirit   .   a - +0 robe
rPois    .         Reflect  .   (helmet restricted)
rElec    .         Harm     .   (no cloak)
rCorr    .         Rampage  .   (no gloves)
Will     .....                  (no boots)
Stlth    ++........             (no amulet)
HPRegen  0.10/turn              (no ring)
MPRegen  0.10/turn              (no ring)

@: no status effects
A: horns 1, icy blue scales 1
a: no special abilities


You were on level 3 of the Dungeon.
You visited 1 branch of the dungeon, and saw 3 of its levels.

You collected 82 gold pieces.

Inventory:

Hand Weapons
 e - a +0 dagger (weapon)
 i - a +0 long sword
Missiles
 j - 7 poisoned darts
Armour
 a - a +0 robe (worn)
Scrolls
 c - a scroll of noise {unknown}
 d - a scroll of magic mapping {unknown}
 g - 2 scrolls of identify {unknown}
Potions
 b - a potion of curing {unknown}
 f - a potion of invisibility {unknown}
 h - a potion of degeneration {unknown}
 k - a potion of lignification {unknown}


   Skills:
 + Level 1.9 Dodging
 + Level 2.0 Stealth
 + Level 2.5 Spellcasting
 + Level 5.5 Conjurations


You had 5 spell levels left.
You knew the following spells:

 Your Spells              Type           Power      Damage    Failure   Level
a - Magic Dart            Conj           96%        1d7       1%          1
b - Searing Ray           Conj           48%        3d5       2%          2

Your spell library contained the following spells:

 Spells                   Type           Power      Damage    Failure   Level
 Conjure Flame            Conj/Fire      13%        6-21      14%         3
 Dazzling Flash           Conj/Hex       26%        N/A       14%         3
 Blink                    Tloc           N/A        N/A       22%         2
 Call Imp                 Summ           2%         N/A       22%         2
 Slow                     Hex            2%         N/A       22%         2
 Mephitic Cloud           Conj/Pois/Air  9%         N/A       22%         3
 Fulminant Prism          Conj/Hex       6%         3d7       43%         4
 Iskenderun's Mystic Bla  Conj/Tloc      13%        2d5       43%         4


Dungeon Overview and Level Annotations

Branches:
Dungeon (3/15)

Altars:

Shops:
D:3 [


Innate Abilities, Weirdness & Mutations

You have a pair of small horns on your head.
You are partially covered in icy blue scales. (AC +2)


Message History

You kill the hobgoblin!
The orc priest invokes the aid of Beogh against you.
Beogh smites you!
You hear a shout! x2
You see here a hobgoblin corpse.
Things that are here:
a +0 dagger; a stone; a frilled lizard corpse The orc priest looks braver for a moment.
Things that are here:
a +0 dagger; a stone; a frilled lizard corpse
Casting: Magic Dart (safe; 1% risk of failure)
Confirm with . or Enter, or press ? or * to list all spells.
Aiming: Searing Ray (safe; 2% risk of failure)
Press: ? - help, Shift-Dir - straight line, f - orc priest
Aim: an orc priest, wielding a +0 club and wearing a +0 ring mail (18% to evade)
The searing ray hits the orc priest.
The orc priest is moderately wounded. (Press . to maintain the ray.)
The searing ray hits the orc priest.
The orc priest is heavily wounded.
The searing ray hits the orc priest.
The orc priest is almost dead.
The orc priest mumbles some strange prayers to Beogh against you.
Beogh smites you!
Ouch! That really hurt!
* * * LOW HITPOINT WARNING * * *
Unknown command.
The orc priest barely misses you.
You see here a hobgoblin corpse.
You closely miss the orc priest.
The orc priest is almost dead.
The orc priest misses you.
You hit the orc priest but do no damage.
The orc priest is almost dead.
The orc priest closely misses you.
You hit the orc priest but do no damage.
You headbutt the orc priest, but do no damage.
The orc priest is almost dead.
The orc priest hits you with a +0 club.
You die...

#...# #..#
#####..#
#......#
#.###.#######
##.#.###........
#.......########
# #.#####o# . #.
# # #@# ..#. # #
#)# .#...## #.
#.####.# ...#..
#.#####......#
#.#..
#.......####.#
#.... #.....†.#
#<# #.#..
#.......# #.#
#.#.) ####.####
##.#######.#.#
#.#
##............#


You could see an orc priest.

Vanquished Creatures
  A gnoll (D:1)
  3 adders
  3 worms (D:2)
  A dart slug (D:1)
  3 orcs (D:3)
  6 bats
  2 giant cockroaches (D:2)
  3 goblins
  4 hobgoblins
  3 oozes (D:1)
  2 quokkas
  3 ball pythons
  6 frilled lizards
  4 kobolds
  2 rats (D:2)
46 creatures vanquished.

Notes
Turn   | Place    | Note
-------+----------+-------------------------------------------
     0 | D:1      | jestyr24 the Demonspawn Conjurer began the quest for the
                  | Orb.
     0 | D:1      | Reached XP level 1. HP: 13/13 MP: 3/3
   322 | D:1      | Gained mutation: You have a pair of small horns on your
                  | head. [demonic ancestry]
   322 | D:1      | Reached XP level 2. HP: 19/19 MP: 0/5
  1065 | D:2      | Gained mutation: You are partially covered in icy blue
                  | scales. (AC +2) [demonic ancestry]
  1065 | D:2      | Reached XP level 3. HP: 24/24 MP: 1/6
  1354 | D:2      | Learned a level 2 spell: Searing Ray
  1358 | D:1      | Reached skill level 5 in Conjurations
  1664 | D:2      | Reached XP level 4. HP: 26/30 MP: 0/7
  2040 | D:3      | Found Koyr's Antique Armour Shop.
  2346 | D:3      | Slain by an orc priest

Illustrated notes

Levels and vault maps discovered:
D:1:      amcnicky_arrival_feature_with_door, layout_loops_ring,
          corner_web_ring, st_stairs_1, minmay_splitting_lines
D:2:      layout_loops_ring
D:3:      layout_loops_ring, marbit_many_paths, nicolae_qazlal_eye_of_the_storm,
          serial_shops, shop, item_on_display_a

Skill      XL: |  1  2  3 |
---------------+----------+-----
Stealth        | 2 |  2.0
Conjurations   | 5 |  5.5
Dodging        | |  1.9
Spellcasting   | |  2.5

Action                   |  1- 3 |  4- 6 || total
-------------------------+-------+-------++-------
Melee: Dagger            |     2 |     4 ||     6
       Headbutt          |       |     2 ||     2
 Cast: Magic Dart        |    66 |    10 ||    76
       Searing Ray       |     3 |     8 ||    11
Armor: Robe              |     2 |       ||     2
Dodge: Dodged            |     9 |     4 ||    13

Table legend: (Time is in decaauts)
 A = Elapsed time spent in this place.
 B = Non-inter-level travel time spent in this place.
 C = Inter-level travel time spent in this place.
 D = Time resting spent in this place.
 E = Time spent auto-exploring this place.
 F = Levels seen in this place.
 G = Mean time per level.
                   A        B        C        D        E       F      G
               +--------+--------+--------+--------+--------+-----+--------+
         Total |   2347 |   2333 |     14 |    883 |    912 |   3 |  782.3 |
       Dungeon |   2347 |   2333 |     14 |    883 |    912 |   3 |  782.3 |
               +--------+--------+--------+--------+--------+-----+--------+

Top non-repeatable levels by time:
     D:2: 1305 daAuts
     D:1: 736 daAuts
     D:3: 305 daAuts
